 Dungeon Crawl Stone Soup version 0.23.2-1-ga50397a6bc (webtiles) character file.

Game seed: 3266876682512737466

7629 FluffierThanThou the Fighter (level 10, -5/94 HPs)
             Began as a Minotaur Fighter on May 22, 2019.
             Was a Believer of Okawaru.
             Killed by divine providence
             ... invoked by a meliai
              (14 damage)
             ... on level 9 of the Dungeon.
             The game lasted 00:16:51 (6616 turns).

FluffierThanThou the Fighter (Minotaur Fighter)     Turns: 6616, Time: 00:16:51

Health: -5/94      AC: 17    Str: 29    XL:     10   Next: 98%
Magic:  9/9        EV: 12    Int:  7    God:    Okawaru [**....]
Gold:   874        SH: 13    Dex: 14    Spells: 9/9 levels left

rFire    + . .     SeeInvis .   D - +10 hand axe "Tugowuep" {protect, rElec Int+2}
rCold    . . .     Gourm    .   c - +0 shield
rNeg     . . .     Faith    +   M - +0 plate armour
rPois    .         Spirit   .   u - +1 hat {MR+}
rElec    +         Reflect  .   (no cloak)
rCorr    .         Harm     .   A - +0 pair of gloves
MR       +....                  (no boots)
Stlth    ..........             k - amulet of faith {!P}
HPRegen  0.25/turn              B - ring of protection from fire
MPRegen  0.11/turn              d - +4 ring of strength

@: agile
A: retaliatory headbutt, horns 2
a: Heroism, Renounce Religion


You were on level 9 of the Dungeon.
You worshipped Okawaru.
Okawaru was pleased with you.
You were not hungry.

You visited 2 branches of the dungeon, and saw 10 of its levels.
You also visited: Ossuary.

You collected 874 gold pieces.

Inventory:

Hand Weapons
 a - a +0 flail
 D - the +10 hand axe "Tugowuep" (weapon) {protect, rElec Int+2}
   (You took it off an orc on level 7 of the Dungeon)

   It protects the one who uses it against injury (+AC on strike).
   It affects your intelligence (+2).
   It insulates you from electricity.
 E - the +3 trident of Contention {holy, rC+ Dex+5}
   (You found it on level 7 of the Dungeon)

   It has been blessed by the Shining One to cause great damage to the undead
   and demons.
   It affects your dexterity (+5).
   It protects you from cold.
Armour
 c - a +0 shield (worn)
 u - a +1 hat of magic resistance (worn)
   (You took it off Gastronok on level 8 of the Dungeon)
 A - a +0 pair of gloves (worn)
   (You found it on level 5 of the Dungeon)
 M - a +0 plate armour (worn)
   (You took it off an orc warrior on level 7 of the Dungeon)
Jewellery
 d - a +4 ring of strength (right hand)
   (You found it on level 5 of the Dungeon)
 k - an amulet of faith (around neck) {!P}
   (You found it on level 1 of the Dungeon)
 y - an uncursed ring of protection from fire
   (You found it on level 9 of the Dungeon)
 B - a ring of protection from fire (left hand)
   (You found it on level 6 of the Dungeon)
Wands
 b - a wand of iceblast (9)
   (You found it on level 7 of the Dungeon)
 w - a wand of paralysis (13)
   (You found it on level 8 of the Dungeon)
 z - a wand of flame (16)
   (You found it on level 7 of the Dungeon)
 Q - a wand of disintegration (10)
   (You found it on level 9 of the Dungeon)
Scrolls
 i - 7 scrolls of remove curse {unknown}
 j - 3 scrolls of identify {unknown}
 l - 3 scrolls of teleportation {unknown}
 m - 4 scrolls of magic mapping {unknown}
 n - a scroll of blinking {unknown}
 o - 2 scrolls of enchant armour {unknown}
 v - 2 scrolls of fog {unknown}
 x - a scroll of fear {unknown}
 C - 2 scrolls of immolation {unknown}
 I - a scroll of amnesia {unknown}
 K - a scroll of enchant weapon {unknown}
 P - a scroll of random uselessness {unknown}
Potions
 f - 2 potions of lignification {!q}
 g - 2 potions of magic {unknown}
 h - 4 potions of curing {@q1}
 p - a potion of resistance {unknown}
 q - a potion of flight {unknown}
 r - a potion of berserk rage
 s - a potion of brilliance {unknown}
 t - 2 potions of heal wounds {unknown}
 F - a potion of agility
 G - a potion of ambrosia {unknown}
 H - a potion of invisibility {unknown}
 J - a potion of mutation {unknown}
 L - a potion of haste {unknown}
 N - 2 potions of degeneration {unknown}
Comestibles
 e - 21 rations {!d}
 O - a chunk of flesh


   Skills:
 + Level 10.7 Fighting
 + Level 10.4 Maces & Flails
 + Level 10.7 Armour
 + Level 10.7 Shields


You had 9 spell levels left.
You didn't know any spells.
Your spell library was empty.

Dungeon Overview and Level Annotations

Branches:
Dungeon (9/15)             Temple (1/1) D:5             Orc (0/2) D:9
   Lair: D:8-11

Altars:
Ashenzari
Cheibriados
Dithmenos
Elyvilon
Fedhas
Gozag
Hepliaklqana
Kikubaaqudgha
Makhleb
Nemelex Xobeh
Okawaru
Qazlal
Ru
Sif Muna
Trog
Uskayaw
Vehumet
Wu Jian
Xom
Yredelemnul
Zin
The Shining One


Innate Abilities, Weirdness & Mutations

You reflexively headbutt those who attack you in melee.
You have a pair of horns on your head.


Message History

The centaur shoots an arrow.
You block the arrow.
You closely miss the meliai. You headbutt the meliai!
You feel sick. The meliai barely misses you. You block the meliai's attack.
The centaur shoots an arrow.
The arrow hits you but does no damage.
You hit the meliai but do no damage.
You feel sick. You block the meliai's attack. The meliai closely misses you.
The centaur shoots an arrow.
The arrow hits you but does no damage. The meliai hits you but does no damage.
The meliai barely misses you.
The meliai calls upon its god to heal the meliai.
The meliai is healed somewhat.
A crimson imp comes into view.
The crimson imp shouts!
You slash the meliai!
You feel sick. The meliai hits you but does no damage.
The meliai completely misses you.
The centaur shoots an arrow.
The arrow barely misses you.
The meliai invokes the aid of its god against you.
Something smites you! You block the meliai's attack.
The meliai stings you but does no damage.
The centaur shoots an arrow.
The arrow hits you but does no damage.
You completely miss the meliai. You headbutt the meliai!
You kill the meliai!
Okawaru accepts your kill.
You feel sick.
The centaur shoots an arrow.
You block the arrow. The meliai hits you with a +0 war axe.
The meliai stings you.
* * * LOW HITPOINT WARNING * * *
You feel sick.
You feel sick. You block the meliai's attack. x2
You feel better. You block the meliai's attack. The meliai barely misses you.
The meliai mumbles some strange prayers to its god against you.
Something smites you!
* * * LOW HITPOINT WARNING * * *
The meliai mumbles some strange prayers to its god against you.
Something smites you!
* * * LOW HITPOINT WARNING * * *
It was a potion of agility.
You feel agile all of a sudden. The meliai hits you with a +0 war axe!
* * * LOW HITPOINT WARNING * * *
The meliai stings you.
* * * LOW HITPOINT WARNING * * *
You are poisoned.
The meliai poisons you! The meliai hits you but does no damage.
You block the meliai's attack.
You feel better.
The meliai calls down the wrath of its god upon you.
Something smites you!
* * * LOW HITPOINT WARNING * * *
The meliai mumbles some strange prayers to its god against you.
Something smites you!
You die...

>.......########....^...
.#####..# #........ #..#
#........ #..# #........
#..# #........ ##.#
#........ ..######.#
#........ .........# .
##....### .#######@# ...
#....# ...#####y#.....
....ZF)y5c.c....
...######.###### .# ..
#.# .. #..


You could see 2 meliai, a centaur and a crimson imp.

Vanquished Creatures
  Gastronok (D:8)
  Joseph (D:7)
  A meliai (D:9)
  Prince Ribbit (D:8)
  2 hippogriffs
  A wyvern (D:8)
  4 yaks (D:9)
  A hungry ghost (D:7)
  Duvessa (D:4)
  7 orc warriors
  2 black bears
  2 sky beasts
  A hornet zombie (D:5)
  2 centaurs
  4 ogres
  A big kobold (D:8)
  2 bullfrogs (D:7)
  5 scorpions
  Dowan (D:4)
  5 killer bees (D:8)
  7 wights
  4 howler monkeys
  2 crimson imps (D:5)
  A centaur skeleton (D:7)
  2 orc priests
  A gnoll shaman (D:9)
  2 hounds
  2 jellies
  5 iguanas
  11 orc wizards
  6 worker ants
  A statue (D:9)
  A hound zombie (D:5)
  8 mummies (Ossuary)
  4 worker ant zombies
  6 gnolls
  5 adders
  A howler monkey skeleton (D:8)
  3 shadow imps
  An ooze (D:1)
  2 adder skeletons
  7 worms
  6 dart slugs
  2 leopard geckos
  31 orcs
  4 giant cockroaches
  2 gnoll zombies (Ossuary)
  3 goblins
  5 hobgoblins
  2 jackals (D:9)
  10 kobolds
  A quokka (D:4)
  A ball python (D:1)
  7 bats
  6 frilled lizards
  A goblin zombie (D:7)
  A hobgoblin zombie (Ossuary)
  2 kobold zombies (Ossuary)
  3 orc zombies (Ossuary)
  A quokka skeleton (D:6)
  A quokka zombie (D:7)
  5 rats
221 creatures vanquished.

Notes
Turn   | Place    | Note
-------+----------+-------------------------------------------
     0 | D:1      | FluffierThanThou the Minotaur Fighter began the quest for
                  | the Orb.
     0 | D:1      | Reached XP level 1. HP: 19/19 MP: 0/0
   119 | D:1      | Reached XP level 2. HP: 27/27 MP: 1/1
   448 | D:1      | Reached XP level 3. HP: 33/33 MP: 2/2
   833 | D:2      | You fall through a shaft for 2 floors!
   908 | D:4      | Reached XP level 4. HP: 36/41 MP: 3/3
  1037 | D:2      | Reached XP level 5. HP: 47/47 MP: 4/4
  1117 | D:2      | Found a sacrificial altar of Ru.
  1956 | D:4      | Reached skill level 5 in Fighting
  1967 | D:4      | Noticed an ogre
  1969 | D:4      | Killed an ogre
  1969 | D:4      | Reached skill level 5 in Armour
  1969 | D:4      | Reached skill level 5 in Shields
  1969 | D:4      | Reached XP level 6. HP: 46/56 MP: 5/5
  2053 | D:4      | Noticed Dowan
  2067 | D:4      | Killed Dowan
  2097 | D:4      | Noticed Duvessa
  2122 | D:4      | Killed Duvessa
  2408 | D:5      | Entered Level 5 of the Dungeon
  2408 | D:5      | Found a staircase to the Ecumenical Temple.
  2432 | Temple   | Entered the Ecumenical Temple
  2634 | D:5      | Found a bloodstained altar of Trog.
  2655 | D:5      | Reached skill level 5 in Maces & Flails
  2655 | D:5      | Reached XP level 7. HP: 62/62 MP: 6/6
  2747 | D:5      | Found a burning altar of Makhleb.
  2847 | D:5      | Found a stormy altar of Qazlal.
  3004 | D:5      | Found a sparkling altar of Nemelex Xobeh.
  3137 | D:5      | Found a glowing golden altar of the Shining One.
  3242 | D:6      | Found an ornate altar of the Wu Jian Council.
  3456 | D:6      | Reached XP level 8. HP: 71/71 MP: 7/7
  4041 | D:6      | Found a shattered altar of Ashenzari.
  4391 | D:7      | Found a burning altar of Makhleb.
  4438 | D:7      | Noticed Joseph
  4464 | D:7      | Killed Joseph
  4464 | D:7      | Reached XP level 9. HP: 81/81 MP: 8/8
  4472 | D:7      | Identified the +10 hand axe "Tugowuep" {protect, rElec
                  | Int+2}
  4551 | D:7      | Got a faintly glowing trident
  4553 | D:7      | Found an iron altar of Okawaru.
  4705 | D:7      | Found a sand-covered staircase.
  4713 | Ossuary  | Entered an ossuary
  5773 | D:8      | Noticed Prince Ribbit
  5777 | D:8      | Reached XP level 10. HP: 91/91 MP: 9/9
  5803 | D:8      | Killed Prince Ribbit
  5818 | D:8      | Noticed Gastronok
  5835 | D:8      | Killed Gastronok
  5835 | D:8      | Reached skill level 10 in Fighting
  5835 | D:8      | Reached skill level 10 in Armour
  5835 | D:8      | Reached skill level 10 in Shields
  5850 | D:8      | Found a shimmering altar of Xom.
  6022 | D:7      | Became a worshipper of Warmaster Okawaru
  6142 | D:9      | Found a radiant altar of Vehumet.
  6261 | D:9      | Reached skill level 10 in Maces & Flails
  6263 | D:9      | Reached * piety under Okawaru
  6347 | D:9      | Found a staircase to the Orcish Mines.
  6367 | D:9      | Identified the +3 trident of Contention {holy, rC+ Dex+5}
                  | (You found it on level 7 of the Dungeon)
  6548 | D:9      | Reached ** piety under Okawaru
  6616 | D:9      | Killed from afar by a meliai

Skill      XL: |  1  2  3  4  5  6  7  8  9 10 |
---------------+-------------------------------+-----
Fighting       | 4 5 6 8 9 10 | 10.7
Shields        | 4 5 6 8 9 10 | 10.7
Armour         | 4 5 6 8 9 10 | 10.7
Maces & Flails | 3 4 5 6 7 9 10 | 10.4

Action                   |  1- 3 |  4- 6 |  7- 9 | 10-12 || total
-------------------------+-------+-------+-------+-------++-------
Melee: Flail             |    90 |   118 |   198 |       ||   406
       Headbutt          |    17 |    15 |    59 |    25 ||   116
       Hand axe          |       |       |   136 |   109 ||   245
       Trident           |       |       |       |     9 ||     9
  Use: Potion            |       |     2 |     1 |     5 ||     8
  Eat: Chunk             |       |     6 |    12 |     3 ||    21
Armor: Scale mail        |    38 |    29 |    71 |       ||   138
       Skin              |       |     8 |     3 |       ||    11
       Plate armour      |       |       |    40 |    57 ||    97
Dodge: Dodged            |    27 |    34 |    71 |    29 ||   161
Block: Shield            |    53 |    40 |   175 |    72 ||   340
